| TOP OF THE 1ST |
|
Tacoma Rainiers batting - Pitching for Naperville Lazy Fisherman : RHP Garrett Stephenson
|
|
Pitching: RHP Garrett Stephenson
|
|
|
Batting: LHB Daryl Boston
|
0-0: Called Strike 0-1: Ball 1-1: Foul Ball, location: 2F 1-2: Ground out 6-3 (Groundball, 6D, EV 91.9 MPH)
|
|
Batting: SHB Greg Norton
|
0-0: Ground out 4-3 (Groundball, 4, EV 86.9 MPH)
|
|
Batting: LHB Chito Martinez
|
0-0: Ball 1-0: Ball 2-0: Ball 3-0: Called Strike 3-1: Called Strike 3-2: Foul Ball, location: 2F 3-2: SINGLE (Groundball, 34D, EV 100.6 MPH)
|
|
Batting: RHB Russ Davis
|
0-0: Ball 1-0: Called Strike 1-1: Called Strike 1-2: Foul Ball, location: 2F 1-2: Ball 2-2: Foul Ball, location: 2F 2-2: SINGLE (Flyball, 9LM, EV 92.5 MPH) Chito Martinez to second Runner from 2nd tries for 3rd, SAFE, throw by RF made to third Russ Davis to second
|
|
Batting: SHB Micah Franklin
|
0-0: Ball 1-0: Foul Ball, location: 2F 1-1: Called Strike 1-2: Strikes out swinging
|
| Top of the 1st over - 0 runs, 2 hits, 0 errors, 2 left on base; Tacoma 0 - Naperville 0 |
| BOTTOM OF THE 1ST |
|
Naperville Lazy Fisherman batting - Pitching for Tacoma Rainiers : RHP Brian Rose
|
|
Pitching: RHP Brian Rose
|
|
|
Batting: SHB Denny Hocking
|
0-0: Swinging Strike 0-1: Ball 1-1: Ground out 6-3 (Groundball, 6, EV 103.8 MPH)
|
|
Batting: SHB Walt Weiss
|
0-0: Ball 1-0: Ball 2-0: Swinging Strike 2-1: Ball 3-1: Base on Balls
|
|
Batting: RHB Pedro Munoz
|
0-0: Ball 1-0: Ball 2-0: Swinging Strike 2-1: Fly out, F7 (Flyball, 78S, EV 71.3 MPH)
|
|
Batting: LHB Matt Luke
|
0-0: Called Strike Walt Weiss is caught stealing 2nd base 2-6
|
| Bottom of the 1st over - 0 runs, 0 hits, 0 errors, 0 left on base; Tacoma 0 - Naperville 0 |
| TOP OF THE 2ND |
|
Tacoma Rainiers batting - Pitching for Naperville Lazy Fisherman : RHP Garrett Stephenson
|
|
Batting: RHB Jose Guillen
|
0-0: Called Strike 0-1: Ball 1-1: Foul Ball, location: 2F 1-2: Ball 2-2: Fly out, F7 (Flyball, 78S, EV 95.0 MPH)
|
|
Batting: SHB Jason Bates
|
0-0: Ball 1-0: Ball 2-0: SINGLE (Groundball, 6D, EV 103.1 MPH)
|
|
Batting: RHB Ron Coomer
|
0-0: Fielders Choice at 2nd, 6-4 (Groundball, 6, EV 77.5 MPH)
|
|
Batting: LHB Greg O'Halloran
|
0-0: Ball 1-0: Foul Ball, location: 2F 1-1: Foul Ball, location: 2F 1-2: Ball 2-2: Strikes out looking
|
| Top of the 2nd over - 0 runs, 1 hit, 0 errors, 1 left on base; Tacoma 0 - Naperville 0 |
| BOTTOM OF THE 2ND |
|
Naperville Lazy Fisherman batting - Pitching for Tacoma Rainiers : RHP Brian Rose
|
|
Batting: LHB Matt Luke
|
0-0: Fly out, F6 (Flyball, 56D, EV 76.3 MPH)
|
|
Batting: RHB David Bell
|
0-0: SINGLE (Line Drive, 8LS, EV 107.5 MPH)
|
|
Batting: RHB Craig Worthington
|
0-0: Called Strike 0-1: Ball 1-1: Fielders Choice at 2nd, 4-6 (Groundball, 4, EV 82.5 MPH)
|
|
Batting: RHB Gary Bennett
|
0-0: Ball 1-0: Called Strike Craig Worthington steals 2nd base 1-1: Ball 2-1: Called Strike 2-2: Foul Ball, location: 2F 2-2: Fly out, F8 (Flyball, 89M, EV 86.9 MPH)
|
| Bottom of the 2nd over - 0 runs, 1 hit, 0 errors, 1 left on base; Tacoma 0 - Naperville 0 |
| TOP OF THE 3RD |
|
Tacoma Rainiers batting - Pitching for Naperville Lazy Fisherman : RHP Garrett Stephenson
|
|
Batting: LHB Daryl Boston
|
0-0: Ball 1-0: Swinging Strike 1-1: Swinging Strike 1-2: Strikes out swinging
|
|
Batting: SHB Greg Norton
|
0-0: Ball 1-0: Ball 2-0: Foul Ball, location: 2F 2-1: Foul Ball, location: 2F 2-2: Ball 3-2: SINGLE (Line Drive, 6D, EV 98.1 MPH)
|
|
Batting: LHB Chito Martinez
|
0-0: Foul Ball, location: 2F 0-1: Foul Ball, location: 2F 0-2: Ball 1-2: Foul Ball, location: 2F 1-2: Ball 2-2: Foul Ball, location: 2F 2-2: Foul Ball, location: 2F 2-2: Ball 3-2: SINGLE (Line Drive, 4MD, EV 100.0 MPH) Greg Norton to second Greg Norton to third
|
|
Batting: RHB Russ Davis
|
0-0: Ball 1-0: Ball 2-0: Grounds into double play, 6-4-3 (Groundball, 6, EV 82.5 MPH)
|
| Top of the 3rd over - 0 runs, 2 hits, 0 errors, 1 left on base; Tacoma 0 - Naperville 0 |
| BOTTOM OF THE 3RD |
|
Naperville Lazy Fisherman batting - Pitching for Tacoma Rainiers : RHP Brian Rose
|
|
Batting: RHB Kent Anderson
|
0-0: Ball 1-0: Foul Ball, location: 2F 1-1: Ball 2-1: SINGLE (Groundball, 4MD, EV 94.4 MPH)
|
|
Batting: LHB Dan Peltier
|
0-0: Ball 1-0: Swinging Strike 1-1: Foul Ball, location: 2F 1-2: Strikes out looking
|
|
Batting: SHB Denny Hocking
|
0-0: Called Strike 0-1: Called Strike 0-2: Strikes out looking
|
|
Batting: SHB Walt Weiss
|
0-0: Ball 1-0: Ball 2-0: Reached on error, E4 (Groundball, 4, EV 84.4 MPH) Kent Anderson to second
|
|
Batting: RHB Pedro Munoz
|
0-0: Foul Ball, location: 2F 0-1: Ball 1-1: Called Strike 1-2: Strikes out looking
|
| Bottom of the 3rd over - 0 runs, 1 hit, 1 error, 2 left on base; Tacoma 0 - Naperville 0 |
| TOP OF THE 4TH |
|
Tacoma Rainiers batting - Pitching for Naperville Lazy Fisherman : RHP Garrett Stephenson
|
|
Batting: SHB Micah Franklin
|
0-0: Ball 1-0: Swinging Strike 1-1: Foul Ball, location: 2F 1-2: Ball 2-2: Strikes out swinging
|
|
Batting: RHB Jose Guillen
|
0-0: Foul Ball, location: 2F 0-1: SINGLE (Groundball, 4MD, EV 106.9 MPH)
|
|
Batting: SHB Jason Bates
|
0-0: Ball 1-0: Called Strike 1-1: Foul Ball, location: 2F 1-2: Fielders Choice at 2nd, 4-6 (Groundball, 4, EV 108.8 MPH)
|
|
Batting: RHB Ron Coomer
|
0-0: Foul Ball, location: 2F 0-1: Fielders Choice at 2nd, 6-4 (Groundball, 6, EV 100.6 MPH)
|
| Top of the 4th over - 0 runs, 1 hit, 0 errors, 1 left on base; Tacoma 0 - Naperville 0 |
| BOTTOM OF THE 4TH |
|
Naperville Lazy Fisherman batting - Pitching for Tacoma Rainiers : RHP Brian Rose
|
|
Batting: LHB Matt Luke
|
0-0: SINGLE (Groundball, 4, EV 80.6 MPH) (infield hit)
|
|
Batting: RHB David Bell
|
0-0: Ball 1-0: Ball 2-0: 2-RUN HOME RUN (Flyball, 78XD, EV 102.5 MPH), Distance : 417 ft
|
|
Batting: RHB Craig Worthington
|
0-0: Called Strike 0-1: Foul Ball, location: 2F 0-2: Ground out 5-3 (Groundball, 56S, EV 92.5 MPH)
|
|
Batting: RHB Gary Bennett
|
0-0: Ball 1-0: Ball 2-0: Ball 3-0: Called Strike 3-1: Ground out 5-3 (Groundball, 5S, EV 83.1 MPH)
|
|
Batting: RHB Kent Anderson
|
0-0: SINGLE (Groundball, 34, EV 81.3 MPH) (infield hit)
|
|
Batting: LHB Dan Peltier
|
0-0: Ball 1-0: Ball 2-0: Swinging Strike 2-1: Ball 3-1: Base on Balls Kent Anderson to second
|
|
Batting: SHB Denny Hocking
|
0-0: Called Strike 0-1: Ball 1-1: Fly out, F9 (Flyball, 9D, EV 95.6 MPH)
|
| Bottom of the 4th over - 2 runs, 3 hits, 0 errors, 2 left on base; Tacoma 0 - Naperville 2 |
| TOP OF THE 5TH |
|
Tacoma Rainiers batting - Pitching for Naperville Lazy Fisherman : RHP Garrett Stephenson
|
|
Batting: LHB Greg O'Halloran
|
0-0: Called Strike 0-1: Ball 1-1: Ball 2-1: Foul Ball, location: 2F 2-2: Foul Ball, location: 2F 2-2: Ball 3-2: Strikes out looking
|
|
Batting: LHB Daryl Boston
|
0-0: Ball 1-0: Ball 2-0: Foul Ball, location: 2F 2-1: Foul Ball, location: 2F 2-2: DOUBLE (Line Drive, 7LD, EV 103.1 MPH)
|
|
Batting: SHB Greg Norton
|
0-0: Foul Ball, location: 2F 0-1: Ground out 6-3 (Groundball, 6, EV 83.1 MPH) Daryl Boston to third
|
|
Batting: LHB Chito Martinez
|
0-0: Called Strike 0-1: Called Strike 0-2: Strikes out swinging
|
| Top of the 5th over - 0 runs, 1 hit, 0 errors, 1 left on base; Tacoma 0 - Naperville 2 |
| BOTTOM OF THE 5TH |
|
Naperville Lazy Fisherman batting - Pitching for Tacoma Rainiers : RHP Brian Rose
|
|
Batting: SHB Walt Weiss
|
0-0: SINGLE (Groundball, 6MD, EV 100.0 MPH)
|
|
Batting: RHB Pedro Munoz
|
0-0: Ball 1-0: Ball 2-0: Called Strike 2-1: Foul Ball, location: 2F 2-2: Ball 3-2: SINGLE (Groundball, 4MD, EV 94.4 MPH) Walt Weiss to second
|
|
Batting: LHB Matt Luke
|
0-0: Ball 1-0: Called Strike 1-1: Grounds into double play, 6-4-3 (Groundball, 6, EV 103.8 MPH) Walt Weiss to third
|
|
Batting: RHB David Bell
|
0-0: Ground out 5-3 (Groundball, 5S, EV 76.9 MPH)
|
| Bottom of the 5th over - 0 runs, 2 hits, 0 errors, 1 left on base; Tacoma 0 - Naperville 2 |
| TOP OF THE 6TH |
|
Tacoma Rainiers batting - Pitching for Naperville Lazy Fisherman : RHP Garrett Stephenson
|
|
Pitching: RHP Carlos C. Maldonado
|
|
|
Batting: RHB Russ Davis
|
0-0: Called Strike 0-1: Ball 1-1: Ground out 1-3 (Groundball, P, EV 85.6 MPH)
|
|
Batting: SHB Micah Franklin
|
0-0: Called Strike 0-1: Ball 1-1: Ground out 6-3 (Groundball, 56, EV 84.4 MPH)
|
|
Batting: RHB Jose Guillen
|
0-0: Ball 1-0: Foul Ball, location: 2F 1-1: Ball 2-1: Fly out, F8 (Flyball, 8LXD, EV 78.8 MPH)
|
| Top of the 6th over - 0 runs, 0 hits, 0 errors, 0 left on base; Tacoma 0 - Naperville 2 |
| BOTTOM OF THE 6TH |
|
Naperville Lazy Fisherman batting - Pitching for Tacoma Rainiers : RHP Brian Rose
|
|
Batting: RHB Craig Worthington
|
0-0: Ball 1-0: Called Strike 1-1: Ball 2-1: Ball 3-1: Fly out, F8 (Flyball, 8RS, EV 83.1 MPH)
|
|
Batting: RHB Gary Bennett
|
0-0: Ball 1-0: Ball 2-0: Foul Ball, location: 2F 2-1: Fly out, F9 (Line Drive, 9, EV 104.4 MPH)
|
|
Batting: RHB Kent Anderson
|
0-0: Ball 1-0: Foul Ball, location: 2F 1-1: Ball 2-1: Foul Ball, location: 2F 2-2: Ground out 5-3 (Groundball, 56, EV 108.1 MPH)
|
| Bottom of the 6th over - 0 runs, 0 hits, 0 errors, 0 left on base; Tacoma 0 - Naperville 2 |
| TOP OF THE 7TH |
|
Tacoma Rainiers batting - Pitching for Naperville Lazy Fisherman : RHP Carlos C. Maldonado
|
|
Batting: SHB Jason Bates
|
0-0: Called Strike 0-1: Swinging Strike 0-2: Ball 1-2: Strikes out swinging
|
|
Batting: RHB Ron Coomer
|
0-0: SINGLE (Line Drive, 5D, EV 101.9 MPH)
|
|
Batting: LHB Greg O'Halloran
|
0-0: Foul Ball, location: 2F 0-1: Swinging Strike 0-2: Ball 1-2: Ball 2-2: Strikes out looking
|
|
Batting: LHB Daryl Boston
|
0-0: Called Strike 0-1: Ball 1-1: Foul Ball, location: 2F 1-2: Strikes out looking
|
| Top of the 7th over - 0 runs, 1 hit, 0 errors, 1 left on base; Tacoma 0 - Naperville 2 |
| BOTTOM OF THE 7TH |
|
Naperville Lazy Fisherman batting - Pitching for Tacoma Rainiers : RHP Brian Rose
|
|
Pitching: LHP Kevin Wickander
|
|
|
Batting: LHB Dan Peltier
|
0-0: Ball 1-0: Called Strike 1-1: Called Strike 1-2: Ground out 4-3 (Groundball, 4, EV 88.8 MPH)
|
|
Batting: SHB Denny Hocking
|
0-0: Ground out 4-3 (Groundball, 4M, EV 83.8 MPH)
|
|
Batting: SHB Walt Weiss
|
0-0: Called Strike 0-1: Swinging Strike 0-2: Foul Ball, location: 2F 0-2: SINGLE (Line Drive, 8RS, EV 94.4 MPH)
|
|
Batting: RHB Pedro Munoz
|
0-0: Ball 1-0: Fly out, F8 (Flyball, 8LD, EV 103.1 MPH)
|
| Bottom of the 7th over - 0 runs, 1 hit, 0 errors, 1 left on base; Tacoma 0 - Naperville 2 |
| TOP OF THE 8TH |
|
Tacoma Rainiers batting - Pitching for Naperville Lazy Fisherman : RHP Carlos C. Maldonado
|
|
Batting: SHB Greg Norton
|
0-0: Ball 1-0: Ball 2-0: Ground out 1-3 (Groundball, P, EV 85.0 MPH)
|
|
Batting: LHB Chito Martinez
|
0-0: Ball 1-0: Ball 2-0: Called Strike 2-1: Ball 3-1: Base on Balls
|
|
Pitching: RHP Pete Young
|
|
|
Batting: RHB Russ Davis
|
0-0: Fly out, F7 (Flyball, 7, EV 83.1 MPH)
|
|
Batting: SHB Micah Franklin
|
0-0: Swinging Strike 0-1: Ball 1-1: Foul Ball, location: 2F 1-2: Ball 2-2: Strikes out swinging
|
| Top of the 8th over - 0 runs, 0 hits, 0 errors, 1 left on base; Tacoma 0 - Naperville 2 |
| BOTTOM OF THE 8TH |
|
Naperville Lazy Fisherman batting - Pitching for Tacoma Rainiers : LHP Kevin Wickander
|
|
Batting: LHB Matt Luke
|
0-0: Called Strike 0-1: Called Strike 0-2: Foul Ball, location: 2F 0-2: Ball 1-2: Ball 2-2: Strikes out looking
|
|
Batting: RHB David Bell
|
0-0: Called Strike 0-1: SINGLE (Flyball, 78S, EV 98.8 MPH)
|
|
Pitching: LHP Jeff Wallace
|
|
|
Batting: RHB Craig Worthington
|
0-0: Called Strike 0-1: Ball 1-1: Ball 2-1: SINGLE (Line Drive, 89S, EV 99.4 MPH) David Bell to second Runner from 2nd tries for 3rd, SAFE, no throw by CF
|
|
Batting: RHB Gary Bennett
|
0-0: Ball 1-0: Fly out, F8 (Flyball, 8RD, EV 99.4 MPH) Runner from 3rd tags up, OUT at HOME! 8-2
|
| Bottom of the 8th over - 0 runs, 2 hits, 0 errors, 1 left on base; Tacoma 0 - Naperville 2 |
| TOP OF THE 9TH |
|
Tacoma Rainiers batting - Pitching for Naperville Lazy Fisherman : RHP Pete Young
|
|
Pitching: RHP Blas Minor
|
|
|
Batting: RHB Jose Guillen
|
0-0: Called Strike 0-1: Ball 1-1: Ball 2-1: Ball 3-1: DOUBLE (Line Drive, 7LS, EV 111.3 MPH)
|
|
Batting: SHB Jason Bates
|
0-0: Foul Ball, location: 2F 0-1: Called Strike 0-2: Fly out, F2 (Popup, 25F, EV 81.3 MPH)
|
|
Pinch Hitting: LHB Dion James
|
0-0: Ball 1-0: Ball 2-0: Ball 3-0: Base on Balls
|
|
Batting: LHB Greg O'Halloran
|
0-0: Ball 1-0: Foul Ball, location: 2F 1-1: Called Strike 1-2: Foul Ball, location: 2F 1-2: Strikes out swinging
|
|
Batting: LHB Daryl Boston
|
0-0: Called Strike 0-1: Ball 1-1: Called Strike 1-2: Fly out, F7 (Flyball, 7D, EV 90.6 MPH)
|
| Top of the 9th over - 0 runs, 1 hit, 0 errors, 2 left on base; Tacoma 0 - Naperville 2 |
|